 Dungeon Sprint DCSS version 0.31-a0-204-g7da18cac08 (webtiles) character file.

Game seed: 2734802049763693853

338 rocky1 the Insei (level 6, -5/87 HPs)
             Began as a Draconian Transmuter on June 28, 2023.
             Was an Elder of Sif Muna.
             Slain by a demonic crawler (8 damage)
             ... in the Dungeon (Sprint VII: "The Pits").
             The game lasted 00:03:01 (1071 turns).

rocky1 the Insei (Draconian Transmuter)             Turns: 1071, Time: 00:03:01

Health: -5/87      AC:  6    Str: 12    XL:     6   Next: 29%
Magic:  12/14      EV: 14    Int: 15    God:    Sif Muna [****..]
Gold:   0          SH:  0    Dex: 12    Spells: 6/16 levels left

rFire   . .          .
                       - Unarmed
rCold   . . .        (no shield)
rNeg    . . .        (body armour unavailable)
rPois   .            (helmet currently unavailable)
rElec   .            (no cloak)
rCorr   .            (no gloves)
SInv    .            (boots currently unavailable)
Will    .....        (no amulet) Stlth
                     (no ring)
HPRegen 0.34/turn    (no ring)
MPRegen 0.14/turn

%: no teleportation
@: berserking, appendages, wereblooded, invisible, very quick
A: horns 2, talons 2, AC +6, unfitting armour, cold-blooded
a: End Transformation, Renounce Religion, Channel Magic, Forget Spell, Divine
Exegesis


You were in the Dungeon.
You worshipped Sif Muna.
Sif Muna was greatly pleased with you.
You had temporarily grown beastly horns and talons.
You visited 1 branch

Inventory:

Scrolls
 g - a scroll of blinking
 i - 5 scrolls of amnesia
 j - a scroll of butterflies
Potions
 a - a potion of lignification
 b - 5 potions of curing
 c - 6 potions of heal wounds
 d - a potion of haste
 e - 4 potions of magic
 h - a potion of invisibility


   Skills:
 + Level 6.5 Fighting
 + Level 5.7 Dodging
 + Level 6.7 Unarmed Combat
 + Level 5.7 Spellcasting
 + Level 6.2 Transmutations
 * Level 0.2 Invocations


You had 6 spell levels left.
You knew the following spells:

 Your Spells              Type           Power      Damage    Failure   Level
a - Beastly Appendage     Tmut           46%        N/A       1%          1
b - Wereblood             Tmut           23%        N/A       1%          2
c - Spider Form           Tmut/Pois      13%        N/A       12%         3
d - Ice Form              Ice/Tmut       13%        N/A       38%         4

Your spell library contained the following spells:

 Spells                   Type           Power      Damage    Failure   Level


Dungeon Overview and Level Annotations

Branches:
Dungeon (1/1)

Altars:
Ashenzari
Cheibriados
Dithmenos
Elyvilon
Fedhas
Gozag
Hepliaklqana
Kikubaaqudgha
Makhleb
Nemelex Xobeh
Okawaru
Qazlal
Ru
Sif Muna
Trog
Uskayaw
Vehumet
Wu Jian
Xom
Yredelemnul
Zin
The Shining One
Jiyva
Lugonu


Innate Abilities, Weirdness & Mutations

You have temporarily grown beastly horns and talons.
Your plain brown scales are hard. (AC +6)
You cannot fit into any form of body armour.
You are cold-blooded and may be slowed by cold attacks.


Message History

The ufetubus barely misses you.
You closely miss the ufetubus. You claw the ufetubus.
Your headbutt misses the ufetubus.
Your tail-slap misses the ufetubus.
The ufetubus is almost dead.
The ufetubus closely misses you. The ufetubus barely misses you.
You punch the ufetubus!
You kill the ufetubus!
Sif Muna accepts your kill.
There is an open door here.
As you open the door, it creaks loudly!
A demonic crawler comes into view.
The demonic crawler gives a hideous shriek!
Casting: Wereblood (safe; 1% risk of failure)
Confirm with . or Enter, or press ? or * to list all spells.
Okay, then.
Press: ? - help, v - describe, . - travel
Here: a demonic crawler An open door.
You fade into invisibility!
The demonic crawler hits you but does no damage.
The demonic crawler hits you! x4
* * * LOW HITPOINT WARNING * * *
The demonic crawler hits you but does no damage.
A red film seems to cover your vision as you go berserk!
You feel yourself moving faster!
You feel mighty! The demonic crawler hits you.
* * * LOW HITPOINT WARNING * * *
The demonic crawler hits you!
* * * LOW HITPOINT WARNING * * *
The demonic crawler hits you but does no damage.
You hit the demonic crawler but do no damage.
You headbutt the demonic crawler!
You punch the demonic crawler, but do no damage.
The demonic crawler is lightly wounded.
The demonic crawler hits you.
* * * LOW HITPOINT WARNING * * *
The demonic crawler closely misses you. The demonic crawler barely misses you.
You barely miss the demonic crawler.
The demonic crawler is lightly wounded.
The demonic crawler hits you!
You die...

#.#...)))[.##.......#
#'###########.......#
#...)...# #########
#...#...# #..)#...#
#.##.##.#+#
#...#...#.+
#...#...#s#
#.......'@#
###########


You could see a demonic crawler.

Vanquished Creatures
  A water moccasin (D)
  A kobold brigand (D)
  A scorpion (D)
  A necrophage (D)
  A river rat (D)
  An ufetubus (D)
  5 orcs (D)
  An endoplasm (D)
  2 giant cockroaches (D)
  A goblin (D)
  2 hobgoblins (D)
  A quokka (D)
  A ball python (D)
  A giant cockroach zombie (D)
20 creatures vanquished.

Notes
Turn   | Place    | Note
-------+----------+-------------------------------------------
     0 | D        | rocky1 the Draconian Transmuter began the quest for the
                  | Orb.
     0 | D        | Reached XP level 1. HP: 16/16 MP: 3/3
   137 | D        | Found a bloodstained altar of Trog.
   137 | D        | Found a shimmering blue altar of Sif Muna.
   137 | D        | Found a viscous altar of Jiyva.
   137 | D        | Found a hazy altar of Hepliaklqana.
   137 | D        | Found an opulent altar of Gozag.
   138 | D        | Found a glowing golden altar of the Shining One.
   138 | D        | Found a glowing silver altar of Zin.
   138 | D        | Found a basalt altar of Yredelemnul.
   138 | D        | Found a shimmering altar of Xom.
   138 | D        | Found an ornate altar of the Wu Jian Council.
   138 | D        | Found a sacrificial altar of Ru.
   138 | D        | Found a stormy altar of Qazlal.
   138 | D        | Found an iron altar of Okawaru.
   138 | D        | Found a sparkling altar of Nemelex Xobeh.
   138 | D        | Found a burning altar of Makhleb.
   138 | D        | Found a blossoming altar of Fedhas.
   138 | D        | Found a white marble altar of Elyvilon.
   138 | D        | Found a shadowy altar of Dithmenos.
   138 | D        | Found a snail-covered altar of Cheibriados.
   140 | D        | Found a radiant altar of Vehumet.
   140 | D        | Found a corrupted altar of Lugonu.
   141 | D        | Found a hide-covered altar of Uskayaw.
   141 | D        | Found an ancient bone altar of Kikubaaqudgha.
   141 | D        | Found a broken altar of Ashenzari.
   145 | D        | Became a worshipper of Sif Muna the Loreminder
   183 | D        | Noticed a scorpion
   190 | D        | Killed a scorpion
   190 | D        | Reached * piety under Sif Muna
   191 | D        | Reached XP level 2. HP: 27/27 MP: 3/6
   191 | D        | Reached XP level 3. HP: 33/33 MP: 4/8
   242 | D        | Reached XP level 4. HP: 34/40 MP: 9/9
   245 | D        | Learned a level 2 spell: Wereblood
   364 | D        | Noticed a water moccasin
   375 | D        | Killed a water moccasin
   375 | D        | Reached ** piety under Sif Muna
   376 | D        | Reached skill level 5 in Fighting
   376 | D        | Reached skill level 5 in Unarmed Combat
   376 | D        | Reached skill level 5 in Transmutations
   376 | D        | Reached XP level 5. HP: 48/48 MP: 8/12
   448 | D        | Learned a level 3 spell: Spider Form
   453 | D        | Learned a level 4 spell: Ice Form
   506 | D        | Reached *** piety under Sif Muna
   513 | D        | Reached skill level 5 in Spellcasting
   513 | D        | Reached **** piety under Sif Muna
   523 | D        | Reached skill level 5 in Dodging
   523 | D        | Reached XP level 6. HP: 55/57 MP: 11/14
  1067 | D        | Noticed a demonic crawler
  1070 | D        | HP: 3/87 [demonic crawler (2)]
  1071 | D        | Slain by a demonic crawler

Illustrated notes

Levels and vault maps discovered:
D:        pitsprint [storerooms_1, entrance_room_1, metal_vault_7, armoury_3,
          mini_pit_1, grid_room_1, main_hall_1, silver_pit, the_coven_3,
          the_vestibule_1, steel_vault_3, golden_pit, hallway_of_sentries,
          crystal_vault_1, iron_vault_5, final_vault]

Skill      XL: |  1  2  3  4  5  6 |
---------------+-------------------+-----
Dodging        | 3 4 5 |  5.7
Fighting       | 3 5 6 |  6.5
Unarmed Combat | 4 5 6 |  6.7
Spellcasting   | 3 4 5 |  5.7
Transmutations | 3 4 5 6 |  6.2
Invocations    | |  0.2

Action                     |  1- 3 |  4- 6 || total
---------------------------+-------+-------++-------
  Melee: Unarmed           |    31 |    37 ||    68
         Tailslap          |     3 |     1 ||     4
         Kick              |     5 |     3 ||     8
         Punch             |     1 |     1 ||     2
         Headbutt          |     1 |     1 ||     2
   Cast: Beastly Appendage |     2 |     2 ||     4
         Wereblood         |       |     2 ||     2
         Ice Form          |       |     1 ||     1
    Use: Potion            |     1 |     4 ||     5
 Armour: Skin              |     4 |    12 ||    16
  Dodge: Dodged            |    20 |    28 ||    48

Table legend: (Time is in decaauts)
 A = Elapsed time spent in this place.
 B = Non-inter-level travel time spent in this place.
 C = Inter-level travel time spent in this place.
 D = Time resting spent in this place.
 E = Time spent auto-exploring this place.
 F = Levels seen in this place.
 G = Mean time per level.
                   A        B        C        D        E       F      G
               +--------+--------+--------+--------+--------+-----+--------+
         Total |   1082 |   1069 |     13 |    864 |      0 |   1 | 1082.0 |
       Dungeon |   1082 |   1069 |     13 |    864 |      0 |   1 | 1082.0 |
               +--------+--------+--------+--------+--------+-----+--------+

Top non-repeatable levels by time:
       D: 1082 daAuts
